AoeStats
← Haydar-ı Kerrar

Arena

507600667Analyzed
3v3 RM · 13d ago on Sep 19, 2026· 64m 5s· 6 players
Game mode
Random Map
Map size
Normal (6 player)
Population
200
Speed
Normal
Resources
Standard
Victory
Conquest
Starting age
Dark Age
Ending age
Imperial Age
RankedLock teamsTeams togetherTeam positionsShared explorationLock speedFull tech treeHidden civsTurbo modeCheats
Victory
Defeat
🇹🇷 Ethiopians · Türkiye
1088
+13
🇹🇷 Japanese · Türkiye
1066
+14
🇹🇷 Cumans · Türkiye
1051
+15
🇦🇺 Turks · Australia
1079
-16
🇨🇴 Berbers · Colombia
1020
-14
🇨🇴 Goths · Colombia
973
-31
LeonSuarez
11:09 Feudal Age
15:55 Castle Age
15:20 Double-Bit Axe
18:55 Bow Saw
21:02 Horse Collar
22:41 Wheelbarrow
23:33 Heavy Plow
24:35 Hand Cart
25:00 Bloodlines
25:02 Forging
25:37 Husbandry
27:44 Scale Barding Armor
31:56 Town Watch
35:15 Imperial Age
32:30 Loom
32:47 Town Patrol
37:23 Chain Barding Armor
36:32 Cavalier
39:55 Fletching
41:46 Thumb Ring
42:05 Ballistics
42:00 Bodkin Arrow
42:44 Bracer
43:58 Elite Genitour
47:55 Conscription
47:28 Light Cavalry
49:23 Chemistry
49:16 Padded Archer Armor
49:42 Hussar
52:04 Iron Casting
53:17 Leather Archer Armor
52:36 Heavy Camel Rider
55:36 Siege Engineers
55:00 Heavy Cavalry Archer
Msosa_777
3:56 Loom
10:58 Feudal Age
16:00 Castle Age
15:59 Scale Mail Armor
19:03 Squires
20:50 Pikeman
27:55 Husbandry
28:44 Forging
31:11 Bloodlines
35:09 Anarchy
35:02 Horse Collar
35:14 Double-Bit Axe
38:30 Chain Mail Armor
40:44 Murder Holes
44:23 Wheelbarrow
44:17 Gold Mining
44:18 Stone Mining
44:41 Bow Saw
44:33 Heavy Plow
48:45 Imperial Age
47:04 Iron Casting
52:21 Conscription
52:02 Perfusion
53:08 Blast Furnace
53:37 Hand Cart
Will.I.Am
11:10 Feudal Age
16:07 Castle Age
20:07 Imperial Age
18:32 Double-Bit Axe
20:28 Bow Saw
19:59 Horse Collar
20:28 Gold Mining
40:19 Wheelbarrow
45:26 Squires
51:54 Stone Mining
Haydar-ı Kerrar
9:00 Loom
11:14 Feudal Age
15:20 Castle Age
13:34 Double-Bit Axe
14:26 Horse Collar
15:07 Fletching
16:02 Crossbowman
18:57 Wheelbarrow
21:19 Elite Skirmisher
24:00 Bodkin Arrow
24:06 Padded Archer Armor
25:18 Ballistics
25:28 Gold Mining
30:16 Leather Archer Armor
30:33 Hand Cart
33:22 Imperial Age
33:28 Imperial Age
30:46 Town Watch
32:37 Town Patrol
33:27 Gold Shaft Mining
32:45 Stone Mining
33:23 Squires
33:36 Forging
33:26 Scale Mail Armor
34:11 Bow Saw
34:35 Conscription
35:18 Bracer
35:49 Ring Archer Armor
36:04 Thumb Ring
38:39 Iron Casting
39:09 Halberdier
39:35 Arson
47:42 Blast Furnace
46:57 Chain Mail Armor
53:31 Two-Man Saw
52:35 Heavy Plow
56:03 Plate Mail Armor
55:39 Scale Barding Armor
58:13 Man-at-Arms
60:14 Chemistry
59:25 Masonry
59:28 Long Swordsman
60:15 Torsion Engines
60:23 Two-Handed Swordsman
m.muratk
11:26 Feudal Age
12:26 Double-Bit Axe
19:33 Castle Age
22:55 Forging
27:02 Wheelbarrow
28:28 Scale Barding Armor
28:59 Iron Casting
29:23 Hand Cart
30:37 Gold Mining
30:53 Pikeman
32:22 Stone Mining
33:21 Horse Collar
35:00 Gold Shaft Mining
35:11 Bloodlines
37:14 Bow Saw
37:07 Heavy Plow
42:17 Fletching
42:48 Chain Barding Armor
45:10 Imperial Age
46:21 Squires
45:46 Cavalier
47:27 Paladin
50:05 Plate Barding Armor
50:31 Blast Furnace
50:26 Caravan
54:44 Crop Rotation
56:10 Two-Man Saw
61:53 Scale Mail Armor
61:55 Padded Archer Armor
61:56 Light Cavalry
Ern
0:44 Loom
9:54 Feudal Age
16:13 Castle Age
14:26 Double-Bit Axe
14:44 Stone Mining
14:55 Horse Collar
16:01 Gold Mining
16:48 Town Watch
22:12 Squires
24:29 Scale Mail Armor
25:10 Town Watch
26:52 Forging
29:59 Chain Mail Armor
29:58 Gambesons
31:32 Arson
33:13 Wheelbarrow
33:10 Pikeman
40:04 Iron Casting
48:57 Imperial Age
47:28 Yasama
49:11 Hand Cart
48:57 Town Patrol
50:08 Scale Barding Armor
50:53 Capped Ram
53:04 Chemistry
52:17 Treadmill Crane
53:04 Conscription
53:33 Kataparuto
54:20 Plate Mail Armor
55:15 Bow Saw
55:08 Heavy Plow
56:18 Blast Furnace
55:38 Elite Samurai
57:12 Caravan
57:42 Coinage
59:51 Hoardings
60:35 Masonry
60:31 Siege Engineers
60:21 Murder Holes
60:48 Ballistics
64:32 Banking
65:19 Two-Man Saw
Connection lost

Rejoining the realm…

Still unreachable

The connection could not be restored.

Session expired

The server has moved on; the page needs a fresh start.